 Dungeon Crawl Stone Soup version 0.32-a0-39-g5c88369fb2 (webtiles) character file.

Game seed: 7656022630972166897

74 Ge0ff the Charlatan (level 4, -1/34 HPs)
             Began as a Mummy Artificer on Feb 5, 2024.
             Slain by a gnoll
             ... wielding a +0 spear
              (6 damage)
             ... on level 2 of the Dungeon.
             The game lasted 00:03:09 (1383 turns).

Ge0ff the Charlatan (Mummy Artificer)               Turns: 1383, Time: 00:03:10

Health: -1/34      AC:  3    Str: 17    XL:     4   Next: 10%
Magic:  4/4        EV: 11    Int: 10    God:
Gold:   63         SH:  0    Dex: 12    Spells: 3/3 levels left

rFire   x . .        a - +0 flail
rCold   + . .        (no shield)
rNeg    + + +        b - +0 leather armour
rPois   ∞            (no helmet)
rElec   .            (no cloak)
rCorr   .            (no gloves)
SInv    .            (no boots)
Will    +....        (no amulet)
Stlth   +            q - ring of willpower
HPRegen 0.25/turn    (no ring)
MPRegen 0.09/turn

%: faith
@: no status effects
A: cold resistance 1, negative energy resistance 3, torment resistance 2, heat
vulnerability 1, in touch with death 1, no potions, faith
a: no special abilities


You were on level 2 of the Dungeon.
You visited 1 branch of the dungeon, and saw 2 of its levels.

You collected 63 gold pieces.

Inventory:

Hand Weapons
 a - a +0 flail (weapon)
 l - a +0 club
 p - a +0 sling
Missiles
 o - 9 stones (quivered)
Armour
 b - a +0 leather armour (worn)
 n - a +0 ring mail
Jewellery
 q - a ring of willpower (left hand)
Wands
 e - a wand of charming (13)
 f - a wand of flame (12)
 k - a wand of iceblast (4)
Scrolls
 r - a scroll of noise


   Skills:
 + Level 2.5 Fighting
 - Level 2.0 Armour
 + Level 1.3 Dodging
 + Level 1.6 Stealth
 + Level 2.7 Evocations


You had 3 spell levels left.
You didn't know any spells.
Your spell library contained the following spells:

 Spells                   Type           Power      Damage    Failure   Level
 Animate Dead             Necr           0%         N/A       99%         4
 Petrify                  Alch/Erth      0%         N/A       99%         4
 Borgnjor's Vile Clutch   Necr/Erth      0%         N/A       100%        5
 Irradiate                Conj/Alch      0%         3d11      100%        5
 Death Channel            Necr           0%         N/A       100%        6
 Sublimation of Blood     Necr           Unusable   N/A       N/A         2

Dungeon Overview and Level Annotations

Branches:
Dungeon (2/15) Zot: 10568

Altars:

Shops:
D:1 (


Innate Abilities, Weirdness & Mutations

You are immune to poison.
Your flesh is cold resistant. (rC+)
You are immune to negative energy. (rN+++)
You are immune to unholy pain and torment.
You are vulnerable to heat. (rF-)
You are in touch with the powers of death.
You do not drink.
You have a special connection with the divine. (Faith)


Message History

You kill the jackal!
Training target 2.0 for Armour reached!
Your Armour skill increases to level 2!
You hit the ribbon worm.
The ribbon worm is lightly wounded.
The ribbon worm expels a string of sticky webbing.
The stream of webbing misses you.
You barely miss the ribbon worm. The ribbon worm bites you. x2
You hit the ribbon worm but do no damage.
The ribbon worm bites you but does no damage.
You hit the ribbon worm.
The ribbon worm is moderately wounded.
The ribbon worm bites you.
You hit the ribbon worm but do no damage.
The ribbon worm is lightly wounded.
The ribbon worm expels a string of sticky webbing.
The stream of webbing misses you.
You hit the ribbon worm but do no damage.
The ribbon worm is lightly wounded.
The ribbon worm bites you but does no damage.
The gnoll shouts!
You hit the ribbon worm.
The ribbon worm is lightly wounded.
The ribbon worm bites you.
You sock the ribbon worm!
The ribbon worm is severely wounded.
The ribbon worm closely misses you.
You hit the ribbon worm.
The ribbon worm is severely wounded.
The ribbon worm bites you.
You barely miss the ribbon worm.
The ribbon worm is severely wounded.
The gnoll hits you from afar with a +0 spear.
The ribbon worm expels a string of sticky webbing.
The stream of webbing hits you but does no damage.
You are caught in a web!
The gnoll hits you from afar with a +0 spear.
The web tears apart.
The ribbon worm expels a string of sticky webbing.
The stream of webbing hits you but does no damage.
You are caught in a web!
The gnoll hits you from afar with a +0 spear.
You struggle to detach yourself from the web.
The ribbon worm expels a string of sticky webbing.
The stream of webbing hits you but does no damage.
You are even more entangled.
The gnoll completely misses you.
The web tears apart.
The ribbon worm bites you.
* * * LOW HITPOINT WARNING * * *
The gnoll hits you from afar with a +0 spear.
You die...

#####.......##..##.#...#
....'...........>....###
#####....##........#.####
##..................#
#.###.......###.##.###
#.# #.#####.....#....#
#.# #.# #.########.# #+#
#+# #)# #.# #@# #.# #w#
#.# #g#' #+# #...........
#.........g. #...........
#.......h..g '...........
##...........


You could see a ribbon worm and a gnoll.

Vanquished Creatures
  2 gnolls
  An adder (D:2)
  A ribbon worm (D:2)
  5 ball pythons
  2 endoplasms (D:1)
  A giant cockroach (D:1)
  4 goblins (D:1)
  4 hobgoblins
  8 jackals
  A quokka (D:1)
  2 bats
  3 frilled lizards
  4 rats
38 creatures vanquished.

Vanquished Creatures (others)
  A gnoll (D:2)
1 creature vanquished.

Grand Total: 39 creatures vanquished

Notes
Turn   | Place    | Note
-------+----------+-------------------------------------------
     0 | D:1      | Ge0ff the Mummy Artificer began the quest for the Orb.
     0 | D:1      | Reached XP level 1. HP: 15/15 MP: 1/1
    34 | D:1      | Reached skill level 1 in Stealth
    71 | D:1      | Reached XP level 2. HP: 22/22 MP: 2/2
   203 | D:1      | Reached skill level 1 in Dodging
   293 | D:1      | Reached XP level 3. HP: 14/27 MP: 3/3
   366 | D:1      | Found Tesie's Weapon Boutique.
   755 | D:1      | Found a faded altar of an unknown god.
  1257 | D:2      | Reached XP level 4. HP: 11/34 MP: 4/4
  1383 | D:2      | Slain by a gnoll

Illustrated notes

Levels and vault maps discovered:
D:1:      sevenhm_arrival_forest_fort_small_6, layout_loops_ring,
          shapermc_ecumenical_altar_mp_vishouse, serial_shops,
          nicolae_shop_advertising_works [nicolae_subvault_shop_adworks],
          serial_bayou_pond_a, chequers_serial_rivers_micro_a,
          minmay_misc_feat_four_crosses, hangedman_abyss_or_decor_stabs
D:2:      layout_basic

Skill      XL: |  1  2  3  4 |
---------------+-------------+-----
Stealth        | 1 |  1.6
Fighting       | 2 |  2.5
Dodging        | 1 |  1.3
Armour         | 2 |  2.0
Evocations     | |  2.7

Action                     |  1- 3 |  4- 6 || total
---------------------------+-------+-------++-------
  Melee: Club              |     7 |       ||     7
         Flail             |    98 |    14 ||   112
         Punch             |     1 |       ||     1
  Throw: Stone             |     1 |       ||     1
  Evoke: Wand              |     5 |     1 ||     6
    Use: Scroll            |     2 |       ||     2
 Armour: Leather armour    |    76 |    13 ||    89
  Dodge: Dodged            |    88 |     6 ||    94

Table legend: (Time is in decaauts)
 A = Elapsed time spent in this place.
 B = Non-inter-level travel time spent in this place.
 C = Inter-level travel time spent in this place.
 D = Time resting spent in this place.
 E = Time spent auto-exploring this place.
 F = Levels seen in this place.
 G = Mean time per level.
                   A        B        C        D        E       F      G
               +--------+--------+--------+--------+--------+-----+--------+
         Total |   1430 |   1396 |     34 |      0 |    939 |   2 |  715.0 |
       Dungeon |   1430 |   1396 |     34 |      0 |    939 |   2 |  715.0 |
               +--------+--------+--------+--------+--------+-----+--------+

Top non-repeatable levels by time:
     D:1: 1028 daAuts
     D:2: 402 daAuts
